AoeStats
← WhyteKev

Black Forest

507356520Analyzed
2v2 RM · 16d ago on Sep 17, 2026· 52m 28s· 4 players
Game mode
Random Map
Map size
Medium (4 player)
Population
200
Speed
Normal
Resources
Standard
Victory
Conquest
Starting age
Dark Age
Ending age
Imperial Age
RankedLock teamsTeams togetherTeam positionsShared explorationLock speedFull tech treeHidden civsTurbo modeCheats
Victory
Defeat
🇺🇸 Italians · United States
1047
+15
🇺🇸 Bohemians · United States
1046
+14
🇵🇱 Mongols · Poland
1024
-15
🇺🇸 Teutons · United States
1012
-14
miltiades0490
0:34 Loom
14:37 Feudal Age
20:18 Castle Age
19:34 Double-Bit Axe
19:34 Horse Collar
26:46 Wheelbarrow
26:03 Town Watch
30:44 Heavy Plow
34:19 Imperial Age
32:05 Hand Cart
32:28 Town Patrol
33:03 Masonry
33:32 Scale Barding Armor
33:18 Fletching
34:50 Chain Barding Armor
34:44 Forging
34:47 Bloodlines
34:56 Bodkin Arrow
36:29 Plate Barding Armor
36:30 Iron Casting
35:50 Cavalier
37:01 Conscription
37:16 Crop Rotation
37:15 Bow Saw
37:00 Gold Mining
38:53 Paladin
42:46 Squires
42:32 Arson
46:13 Chemistry
Kortes
11:14 Feudal Age
11:51 Gold Mining
11:47 Double-Bit Axe
13:11 Wheelbarrow
15:31 Fishing Lines
16:02 Horse Collar
20:46 Castle Age
18:33 Loom
25:30 Town Watch
26:14 Hand Cart
26:07 Gillnets
27:21 Gold Shaft Mining
27:03 Bow Saw
27:16 Fletching
27:27 Padded Archer Armor
29:16 Town Patrol
30:35 Heavy Plow
30:37 Stone Mining
32:29 Ballistics
32:27 Leather Archer Armor
34:06 Stone Shaft Mining
33:56 Husbandry
34:06 Bloodlines
37:11 Imperial Age
34:41 Bodkin Arrow
36:52 Nomads
37:22 Elite Mangudai
38:24 Drill
38:24 Conscription
37:27 Onager
38:59 Bracer
40:04 Chemistry
39:10 Siege Engineers
39:15 Siege Onager
40:47 Caravan
41:26 Capped Ram
43:27 Coinage
42:38 Siege Ram
50:36 Parthian Tactics
50:18 Thumb Ring
JP
1:12 Loom
13:13 Feudal Age
17:06 Castle Age
15:04 Double-Bit Axe
15:47 Fishing Lines
19:46 Bow Saw
19:49 Horse Collar
20:44 Heavy Plow
24:11 Wheelbarrow
24:13 Fervor
24:13 Town Watch
24:30 Gillnets
26:30 Hand Cart
28:12 Town Patrol
31:59 Imperial Age
30:29 Forging
30:19 Scale Mail Armor
31:53 Chemistry
30:49 Murder Holes
31:08 Fortified Wall
31:17 Caravan
32:56 Iron Casting
32:36 Chain Mail Armor
32:21 Padded Archer Armor
33:06 Conscription
32:52 Wagenburg Tactics
32:56 Squires
33:59 Houfnice
35:59 Blast Furnace
35:29 Plate Mail Armor
36:18 Siege Engineers
37:25 Two-Man Saw
36:48 Leather Archer Armor
36:09 Pikeman
36:44 Halberdier
37:30 Arson
39:36 Ring Archer Armor
41:00 Bombard Tower
40:52 Masonry
40:22 Treadmill Crane
40:37 Murder Holes
40:24 Treadmill Crane
WhyteKev
0:42 Loom
12:10 Feudal Age
17:03 Castle Age
15:10 Double-Bit Axe
16:04 Horse Collar
25:31 Wheelbarrow
25:05 Gold Mining
27:56 Heavy Plow
28:50 Fortified Wall
31:32 Hand Cart
34:34 Imperial Age
33:01 Fletching
33:18 Caravan
34:27 Fishing Lines
36:33 Chemistry
36:05 Bow Saw
36:32 Conscription
35:40 Elite Genoese Crossbowman
36:09 Light Cavalry
37:25 Bodkin Arrow
37:40 Forging
37:55 Ballistics
37:50 Thumb Ring
39:57 Iron Casting
39:49 Pirotechnia
39:11 Hussar
40:49 Bloodlines
40:40 Husbandry
42:38 Bombard Tower
47:45 Blast Furnace
51:50 Padded Archer Armor
Connection lost

Rejoining the realm…

Still unreachable

The connection could not be restored.

Session expired

The server has moved on; the page needs a fresh start.